AoeStats
← Caribe

Hideout

508802569Analyzed
1v1 RM · 8d ago on Sep 24, 2026· 55m 54s· 2 players
Game mode
Random Map
Map size
Tiny (2 player)
Population
200
Speed
Normal
Resources
Standard
Victory
Conquest
Starting age
Dark Age
Ending age
Imperial Age
RankedLock teamsTeams togetherTeam positionsShared explorationLock speedFull tech treeHidden civsTurbo modeCheats
Victory
Defeat
🇲🇽 Persians · Mexico
1269
+16
🇻🇪 Vietnamese · Venezuela
1262
-16
Caribe
10:52 Feudal Age
14:47 Castle Age
12:41 Double-Bit Axe
13:03 Horse Collar
13:42 Loom
15:45 Bow Saw
15:36 Heavy Plow
19:17 Fletching
20:36 Wheelbarrow
19:48 Town Watch
22:40 Bodkin Arrow
23:17 Town Patrol
27:35 Imperial Age
25:32 Gold Mining
26:50 Padded Archer Armor
27:35 Bloodlines
27:25 Husbandry
27:58 Forging
29:45 Squires
30:03 Pikeman
31:29 Wheelbarrow
33:07 Iron Casting
32:41 Light Cavalry
33:25 Scale Mail Armor
33:53 Hand Cart
35:40 Chain Mail Armor
36:34 Chemistry
37:57 Plate Mail Armor
37:51 Ballistics
39:15 Bracer
41:09 Halberdier
42:39 Siege Engineers
44:03 Crop Rotation
44:28 Leather Archer Armor
47:14 Ring Archer Armor
46:30 Elite Skirmisher
47:19 Imperial Skirmisher
joseja.0550
10:30 Feudal Age
14:24 Castle Age
12:44 Double-Bit Axe
12:41 Horse Collar
14:55 Wheelbarrow
15:49 Bow Saw
15:41 Heavy Plow
28:42 Imperial Age
27:47 Scale Barding Armor
27:54 Forging
28:38 Bloodlines
28:28 Husbandry
28:53 Chain Barding Armor
29:07 Cavalier
34:26 Savar
38:38 Plate Barding Armor
38:38 Iron Casting
37:55 Fletching
38:05 Padded Archer Armor
38:49 Crossbowman
39:36 Thumb Ring
41:36 Blast Furnace
41:51 Kamandaran
42:11 Conscription
43:16 Bodkin Arrow
43:38 Leather Archer Armor
43:51 Ballistics
44:15 Light Cavalry
50:11 Chemistry
Connection lost

Rejoining the realm…

Still unreachable

The connection could not be restored.

Session expired

The server has moved on; the page needs a fresh start.